TOP OF THE 1ST |
North Carolina Tar Heels batting - Pitching for South Carolina Gamecocks : LHP Arnie Veeck
|
Pitching: LHP Arnie Veeck
|
|
Batting: LHB Alfonso Sánchez
|
0-0: Called Strike 0-1: Ball 1-1: Foul Ball, location: 2F 1-2: DOUBLE (Line Drive, 89D)
|
Batting: RHB Scotty Sherman
|
0-0: Called Strike 0-1: Ground out 4-3 (Groundball, 4) Alfonso Sánchez to third
|
Batting: RHB Shane Hunter
|
0-0: Called Strike 0-1: SINGLE (Line Drive, 56D) Alfonso Sánchez scores
|
Batting: RHB Doug Bruce
|
0-0: Foul Ball, location: 2F 0-1: DOUBLE (Line Drive, 78XD) Shane Hunter to third Runner from 3rd tries for Home, SAFE, no throw
|
Batting: RHB Howard Brown
|
0-0: Ball 1-0: Foul Ball, location: 2F 1-1: Called Strike 1-2: Ball 2-2: Ground out 3-1 (Groundball, 34S) Doug Bruce to third
|
Pitching: RHP José Gonzáles
|
|
Batting: RHB James Shane
|
0-0: Ball 1-0: Called Strike 1-1: Foul Ball, location: 2F 1-2: Ball 2-2: Strikes out swinging
|
Top of the 1st over - 2 runs, 3 hits, 0 errors, 1 left on base; North Carolina 2 - South Carolina 0 |
BOTTOM OF THE 1ST |
South Carolina Gamecocks batting - Pitching for North Carolina Tar Heels : RHP Craig Scott
|
Pitching: RHP Craig Scott
|
|
Batting: LHB Ed Nelson
|
0-0: Called Strike 0-1: Foul Ball, location: 2F 0-2: Foul Ball, location: 2F 0-2: Ball 1-2: Ball 2-2: Strikes out swinging
|
Batting: LHB Eric Martin
|
0-0: Ball 1-0: Called Strike 1-1: Swinging Strike 1-2: Ball 2-2: Ball 3-2: Fly out, F4 (Popup, 23)
|
Batting: RHB Brandon Smith
|
0-0: Called Strike 0-1: Hit by Pitch
|
Batting: RHB Gerardo Gallegos
|
0-0: Swinging Strike 0-1: Ground out 4-3 (Groundball, 4)
|
Bottom of the 1st over - 0 runs, 0 hits, 0 errors, 1 left on base; North Carolina 2 - South Carolina 0 |
TOP OF THE 2ND |
North Carolina Tar Heels batting - Pitching for South Carolina Gamecocks : RHP José Gonzáles
|
Batting: SHB Justin Boyle
|
0-0: Ground out 5-3 (Groundball, 5)
|
Batting: LHB Emory Bernal
|
0-0: Ball 1-0: Called Strike 1-1: Called Strike 1-2: Strikes out swinging
|
Batting: LHB Quinn Wolfe
|
0-0: Called Strike 0-1: Ball 1-1: Called Strike 1-2: Ball 2-2: Reached via error on a dropped throw, E1
|
Batting: LHB Alfonso Sánchez
|
0-0: Foul Ball, location: 2F 0-1: Swinging Strike 0-2: Strikes out swinging
|
Top of the 2nd over - 0 runs, 0 hits, 1 error, 1 left on base; North Carolina 2 - South Carolina 0 |
BOTTOM OF THE 2ND |
South Carolina Gamecocks batting - Pitching for North Carolina Tar Heels : RHP Craig Scott
|
Batting: SHB Eric Silva
|
0-0: Ground out U3 (Groundball, 3L)
|
Batting: RHB Mike Connor
|
0-0: Ball 1-0: Swinging Strike 1-1: Ball 2-1: Swinging Strike 2-2: Ball 3-2: Strikes out swinging
|
Batting: RHB Ed Young
|
0-0: Ball 1-0: Called Strike 1-1: Ball 2-1: Ball 3-1: Base on Balls
|
Batting: RHB Garrett Nelson
|
0-0: Ball 1-0: Ball 2-0: Called Strike 2-1: Foul Ball, location: 2F 2-2: Fly out, F8 (Flyball, 8RM)
|
Bottom of the 2nd over - 0 runs, 0 hits, 0 errors, 1 left on base; North Carolina 2 - South Carolina 0 |
TOP OF THE 3RD |
North Carolina Tar Heels batting - Pitching for South Carolina Gamecocks : RHP José Gonzáles
|
Batting: RHB Scotty Sherman
|
0-0: Called Strike 0-1: Ground out 6-3 (Groundball, 6)
|
Batting: RHB Shane Hunter
|
0-0: Called Strike 0-1: Swinging Strike 0-2: Strikes out swinging
|
Batting: RHB Doug Bruce
|
0-0: Foul Ball, location: 2F 0-1: Called Strike 0-2: Ball 1-2: Strikes out swinging
|
Top of the 3rd over - 0 runs, 0 hits, 0 errors, 0 left on base; North Carolina 2 - South Carolina 0 |
BOTTOM OF THE 3RD |
South Carolina Gamecocks batting - Pitching for North Carolina Tar Heels : RHP Craig Scott
|
Batting: LHB Jorge Merced
|
0-0: Called Strike 0-1: Foul Ball, location: 2F 0-2: Strikes out looking
|
Batting: LHB Ed Nelson
|
0-0: Ball 1-0: Foul Ball, location: 2F 1-1: Ball 2-1: Ground out 3-1 (Groundball, 34)
|
Batting: LHB Eric Martin
|
0-0: Called Strike 0-1: Swinging Strike 0-2: Foul Ball, location: 2F 0-2: Ball 1-2: Ball 2-2: Fly out, F8 (Flyball, 8RS)
|
Bottom of the 3rd over - 0 runs, 0 hits, 0 errors, 0 left on base; North Carolina 2 - South Carolina 0 |
TOP OF THE 4TH |
North Carolina Tar Heels batting - Pitching for South Carolina Gamecocks : RHP José Gonzáles
|
Batting: RHB Howard Brown
|
0-0: Foul Ball, location: 2F 0-1: Ball 1-1: Ball 2-1: Swinging Strike 2-2: Ball 3-2: Foul Ball, location: 2F 3-2: Base on Balls
|
Batting: RHB James Shane
|
0-0: Ball 1-0: Swinging Strike 1-1: Called Strike 1-2: Strikes out swinging
|
Batting: SHB Justin Boyle
|
0-0: Ball Howard Brown steals 2nd base 1-0: SINGLE (Groundball, 4MD) Howard Brown to third Runner from 3rd tries for Home, SAFE, no throw
|
Batting: LHB Emory Bernal
|
0-0: Ball 1-0: Ball 2-0: Fly out, F9 (Flyball, 9)
|
Batting: LHB Quinn Wolfe
|
0-0: Swinging Strike 0-1: Ball 1-1: Ball 2-1: Ball 3-1: Called Strike 3-2: SINGLE (Line Drive, 78S) Justin Boyle to second Justin Boyle to third
|
Batting: LHB Alfonso Sánchez
|
0-0: Foul Ball, location: 2F 0-1: Ball 1-1: Foul Ball, location: 2F 1-2: Ball 2-2: Foul Ball, location: 2F 2-2: Foul Ball, location: 2F 2-2: Foul Ball, location: 2F 2-2: Foul Ball, location: 2F 2-2: Ball 3-2: SINGLE (Line Drive, 34D) Justin Boyle scores Quinn Wolfe to second Quinn Wolfe to third
|
Pitching: RHP Tim Pope
|
|
Batting: RHB Scotty Sherman
|
0-0: Foul Ball, location: 2F 0-1: Ground out 1-3 (Groundball, P)
|
Top of the 4th over - 2 runs, 3 hits, 0 errors, 2 left on base; North Carolina 4 - South Carolina 0 |
BOTTOM OF THE 4TH |
South Carolina Gamecocks batting - Pitching for North Carolina Tar Heels : RHP Craig Scott
|
Batting: RHB Brandon Smith
|
0-0: Foul Ball, location: 2F 0-1: Ball 1-1: SINGLE (Groundball, 2R) (infield hit)
|
Batting: RHB Gerardo Gallegos
|
0-0: Swinging Strike 0-1: Grounds into double play, 6-4-3 (Groundball, 6)
|
Batting: SHB Eric Silva
|
0-0: SOLO HOME RUN (Flyball, 89XD), Distance : 374 ft
|
Batting: RHB Mike Connor
|
0-0: Foul Ball, location: 2F 0-1: Ground out U3 (Groundball, 34)
|
Bottom of the 4th over - 1 run, 2 hits, 0 errors, 0 left on base; North Carolina 4 - South Carolina 1 |
TOP OF THE 5TH |
North Carolina Tar Heels batting - Pitching for South Carolina Gamecocks : RHP Tim Pope
|
Batting: RHB Shane Hunter
|
0-0: DOUBLE (Flyball, 89XD)
|
Batting: RHB Doug Bruce
|
0-0: Intentional Walk
|
Batting: RHB Howard Brown
|
0-0: Ball 1-0: Foul Ball, location: 2F 1-1: Ball 2-1: Foul Ball, location: 2F 2-2: Strikes out swinging
|
Batting: RHB James Shane
|
0-0: Foul Ball, location: 2F 0-1: Swinging Strike 0-2: Ball 1-2: Ball 2-2: Strikes out swinging
|
Batting: SHB Justin Boyle
|
0-0: Swinging Strike 0-1: Ball 1-1: DOUBLE (Line Drive, 8LXD) Shane Hunter scores Doug Bruce to third Runner from 3rd tries for Home, SAFE, no throw
|
Batting: LHB Emory Bernal
|
0-0: Ball 1-0: Called Strike 1-1: SINGLE (Groundball, 3S) (infield hit) Justin Boyle to third
|
Batting: LHB Quinn Wolfe
|
0-0: Swinging Strike 0-1: Foul Ball, location: 2F 0-2: Ball 1-2: Strikes out swinging
|
Top of the 5th over - 2 runs, 3 hits, 0 errors, 2 left on base; North Carolina 6 - South Carolina 1 |
BOTTOM OF THE 5TH |
South Carolina Gamecocks batting - Pitching for North Carolina Tar Heels : RHP Craig Scott
|
Batting: RHB Ed Young
|
0-0: Foul Ball, location: 2F 0-1: Foul Ball, location: 2F 0-2: Foul Ball, location: 2F 0-2: Strikes out swinging
|
Batting: RHB Garrett Nelson
|
0-0: Ball 1-0: Foul Ball, location: 2F 1-1: Foul Ball, location: 2F 1-2: Strikes out swinging
|
Batting: LHB Jorge Merced
|
0-0: Foul Ball, location: 2F 0-1: Swinging Strike 0-2: Ball 1-2: Ball 2-2: Strikes out looking
|
Bottom of the 5th over - 0 runs, 0 hits, 0 errors, 0 left on base; North Carolina 6 - South Carolina 1 |
TOP OF THE 6TH |
North Carolina Tar Heels batting - Pitching for South Carolina Gamecocks : RHP Tim Pope
|
Batting: LHB Alfonso Sánchez
|
0-0: Called Strike 0-1: Ball 1-1: Fly out, F6 (Popup, 6M)
|
Batting: RHB Scotty Sherman
|
0-0: Foul Ball, location: 2F 0-1: Swinging Strike 0-2: Strikes out looking
|
Batting: RHB Shane Hunter
|
0-0: Ball 1-0: Ball 2-0: Ball 3-0: Swinging Strike 3-1: Foul Ball, location: 2F 3-2: Foul Ball, location: 2F 3-2: Strikes out swinging
|
Top of the 6th over - 0 runs, 0 hits, 0 errors, 0 left on base; North Carolina 6 - South Carolina 1 |
BOTTOM OF THE 6TH |
South Carolina Gamecocks batting - Pitching for North Carolina Tar Heels : RHP Craig Scott
|
Batting: LHB Ed Nelson
|
0-0: Ball 1-0: Called Strike 1-1: Called Strike 1-2: Ball 2-2: Strikes out swinging
|
Batting: LHB Eric Martin
|
0-0: Called Strike 0-1: Swinging Strike 0-2: Foul Ball, location: 2F 0-2: Ball 1-2: Ball 2-2: Ball 3-2: SINGLE (Line Drive, 6M)
|
Batting: RHB Brandon Smith
|
0-0: Foul Ball, location: 2F 0-1: Ball 1-1: Ball 2-1: Fly out, F7 (Flyball, 78M)
|
Pitching: RHP Preston Carter
|
|
Batting: RHB Gerardo Gallegos
|
0-0: Ball 1-0: Called Strike 1-1: Ball 2-1: Foul Ball, location: 2F 2-2: 2-RUN HOME RUN (Flyball, 7LD), Distance : 312 ft
|
Batting: SHB Eric Silva
|
0-0: Ball 1-0: Foul Ball, location: 2F 1-1: Ball 2-1: SINGLE (Flyball, 89S)
|
Batting: RHB Mike Connor
|
0-0: Called Strike 0-1: Foul Ball, location: 2F 0-2: Foul Ball, location: 2F 0-2: Ball 1-2: Strikes out swinging
|
Bottom of the 6th over - 2 runs, 3 hits, 0 errors, 1 left on base; North Carolina 6 - South Carolina 3 |
TOP OF THE 7TH |
North Carolina Tar Heels batting - Pitching for South Carolina Gamecocks : RHP Tim Pope
|
Pitching: LHP Juan Olivo
|
|
Batting: RHB Doug Bruce
|
0-0: Ground out 6-3 (Groundball, 56)
|
Batting: RHB Howard Brown
|
0-0: Ball 1-0: Ground out 4-3 (Groundball, 4M)
|
Batting: RHB James Shane
|
0-0: Foul Ball, location: 2F 0-1: Ball 1-1: Swinging Strike 1-2: Ball 2-2: Strikes out looking
|
Top of the 7th over - 0 runs, 0 hits, 0 errors, 0 left on base; North Carolina 6 - South Carolina 3 |
BOTTOM OF THE 7TH |
South Carolina Gamecocks batting - Pitching for North Carolina Tar Heels : RHP Preston Carter
|
Batting: RHB Ed Young
|
0-0: Ball 1-0: Called Strike 1-1: Ball 2-1: Foul Ball, location: 2F 2-2: Ball 3-2: Base on Balls
|
Batting: RHB Garrett Nelson
|
0-0: Ball 1-0: Ball 2-0: Grounds into double play, 4-6-3 (Groundball, 4)
|
Batting: LHB Jorge Merced
|
0-0: Ball 1-0: Called Strike 1-1: Foul Ball, location: 2F 1-2: DOUBLE (Line Drive, 9LM)
|
Batting: LHB Ed Nelson
|
0-0: Foul Ball, location: 2F 0-1: Called Strike 0-2: Ball 1-2: SINGLE (Flyball, 8LS) Jorge Merced to third
|
Batting: LHB Eric Martin
|
0-0: Ball 1-0: Ball 2-0: Foul Ball, location: 2F 2-1: Ball 3-1: Base on Balls Ed Nelson to second
|
Batting: RHB Brandon Smith
|
0-0: Ball 1-0: Ground out 1-3 (Groundball, 13)
|
Bottom of the 7th over - 0 runs, 2 hits, 0 errors, 3 left on base; North Carolina 6 - South Carolina 3 |
TOP OF THE 8TH |
North Carolina Tar Heels batting - Pitching for South Carolina Gamecocks : LHP Juan Olivo
|
Batting: SHB Justin Boyle
|
0-0: Foul Ball, location: 2F 0-1: Fly out, F6 (Popup, 6)
|
Batting: LHB Emory Bernal
|
0-0: Ball 1-0: Called Strike 1-1: Fly out, F7 (Flyball, 7LS)
|
Batting: LHB Quinn Wolfe
|
0-0: Called Strike 0-1: Ground out 4-3 (Groundball, 4)
|
Top of the 8th over - 0 runs, 0 hits, 0 errors, 0 left on base; North Carolina 6 - South Carolina 3 |
BOTTOM OF THE 8TH |
South Carolina Gamecocks batting - Pitching for North Carolina Tar Heels : RHP Preston Carter
|
Batting: RHB Gerardo Gallegos
|
0-0: Fly out, F6 (Line Drive, 6)
|
Batting: SHB Eric Silva
|
0-0: Fly out, F8 (Line Drive, 8LM)
|
Batting: RHB Mike Connor
|
0-0: Ground out 6-3 (Groundball, 6)
|
Bottom of the 8th over - 0 runs, 0 hits, 0 errors, 0 left on base; North Carolina 6 - South Carolina 3 |
TOP OF THE 9TH |
North Carolina Tar Heels batting - Pitching for South Carolina Gamecocks : LHP Juan Olivo
|
Pitching: RHP Jim Pope
|
|
Batting: LHB Alfonso Sánchez
|
0-0: Called Strike 0-1: Swinging Strike 0-2: Ball 1-2: Strikes out swinging
|
Batting: RHB Scotty Sherman
|
0-0: Swinging Strike 0-1: Called Strike 0-2: Ball 1-2: Strikes out looking
|
Batting: RHB Shane Hunter
|
0-0: Foul Ball, location: 2F 0-1: Ball 1-1: Swinging Strike 1-2: Ground out 1-3 (Groundball, 13)
|
Top of the 9th over - 0 runs, 0 hits, 0 errors, 0 left on base; North Carolina 6 - South Carolina 3 |
BOTTOM OF THE 9TH |
South Carolina Gamecocks batting - Pitching for North Carolina Tar Heels : RHP Preston Carter
|
Pitching: LHP Dan Womack
|
|
Batting: RHB Ed Young
|
0-0: Called Strike 0-1: Swinging Strike 0-2: Ball 1-2: Ball 2-2: Ball 3-2: Reached on error, E9 (Flyball, 9S)
|
Batting: RHB Garrett Nelson
|
0-0: Ball 1-0: Ball 2-0: Ball 3-0: Foul Ball, location: 2F 3-1: Base on Balls Ed Young to second
|
Batting: LHB Jorge Merced
|
0-0: Foul Ball, location: 2F 0-1: Ball 1-1: Foul Ball, location: 2F 1-2: Ball 2-2: Ball 3-2: Foul Ball, location: 2F 3-2: Foul Ball, location: 2F 3-2: Base on Balls Ed Young to third Garrett Nelson to second
|
Pinch Hitting: RHB Michael Walker
|
0-0: Ball 1-0: Foul Ball, location: 2F 1-1: Ball 2-1: Ball 3-1: Base on Balls Ed Young scores Garrett Nelson to third Jorge Merced to second
|
Batting: LHB Eric Martin
|
0-0: Called Strike 0-1: Foul Ball, location: 2F 0-2: Ball 1-2: Ball 2-2: Ball 3-2: Base on Balls Garrett Nelson scores Jorge Merced to third Michael Walker to second
|
Batting: RHB Brandon Smith
|
0-0: Ball 1-0: Fly out, F6 (Popup, 6)
|
Batting: RHB Gerardo Gallegos
|
0-0: Ball 1-0: Grounds into fielders choice 5-2 (Groundball, 5L) Michael Walker to third Eric Martin to second
|
Batting: SHB Eric Silva
|
0-0: Foul Ball, location: 2F 0-1: Swinging Strike 0-2: Strikes out swinging
|
Bottom of the 9th over - 2 runs, 0 hits, 1 error, 3 left on base; North Carolina 6 - South Carolina 5 |
|